 Dungeon Crawl Stone Soup version 0.30-a0-779-g7971cf19c3 (webtiles) character file.

Game seed: 11873075078899010258

1654 funkygono the Firebug (level 9, -8/46 HPs)
             Began as a Gargoyle Fire Elementalist on Feb 17, 2023.
             Was an Initiate of Sif Muna.
             Mangled by a yak (11 damage)
             ... on level 5 of the Dungeon.
             The game lasted 00:08:30 (5997 turns).

funkygono the Firebug (Gargoyle Fire Elementalist)  Turns: 5997, Time: 00:08:31

Health: -8/46      AC: 13    Str: 13    XL:     9   Next: 0%
Magic:  1/18       EV: 12    Int: 19    God:    Sif Muna [......]
Gold:   296        SH:  0    Dex: 10    Spells: 13/20 levels left

rFire   . . .      SeeInvis .    t - +1 whip
rCold   . . .      Faith    .    (no shield)
rNeg    + . .      Spirit   .    a - +0 robe
rPois   ∞          Reflect  .    (no helmet)
rElec   +          Harm     .    r - +2 cloak
rCorr   .          Rampage  .    w - +1 pair of gloves
Will    .....                    (no boots)
Stlth   ++                       (no amulet)
HPRegen 0.27/turn                (no ring)
MPRegen 0.16/turn                (no ring)

@: no status effects
A: sickness immunity, AC +6, negative energy resistance 1, electricity
resistance, torment resistance 1, petrification resistance
a: Renounce Religion


You were on level 5 of the Dungeon.
You worshipped Sif Muna.
Sif Muna was noncommittal.
You visited 2 branches of the dungeon, and saw 7 of its levels.

You collected 296 gold pieces.

Inventory:

Hand Weapons
 h - a +0 mace
 t - a +1 whip (weapon)
Armour
 a - a +0 robe (worn)
 d - a +0 cloak
 r - a +2 cloak (worn)
 s - the +0 ring mail of the Heavens {Str+2}
   (You found it on level 3 of the Dungeon)

   Str:       It affects your strength (+2).
 w - a +1 pair of gloves (worn)
Jewellery
 x - a ring of ice
 z - an amulet of regeneration
Wands
 f - a wand of charming (3)
Scrolls
 g - 2 scrolls of teleportation
 l - a scroll of identify
 p - a scroll of fear
 y - 2 scrolls of enchant armour
Potions
 b - 2 potions of magic
 c - a potion of invisibility {unknown}
 e - 3 potions of flight
 i - a potion of heal wounds
 j - a potion of ambrosia
 k - a potion of attraction
 m - a potion of mutation
 u - a potion of might
 v - 4 potions of curing
 A - a potion of resistance


   Skills:
 + Level 0.6 Fighting
 + Level 1.2 Maces & Flails
 + Level 2.4 Dodging
 - Level 2.1 Stealth
 + Level 6.4 Spellcasting
 + Level 6.2 Conjurations
 + Level 6.7 Fire Magic


You had 13 spell levels left.
You knew the following spells:

 Your Spells              Type           Power      Damage    Failure   Level
a - Foxfire               Conj/Fire      100%       2x1d9     1%          1
b - Scorch                Fire           62%        2d8       1%          2
c - Flame Wave            Conj/Fire      30%        2d9       8%          4

Your spell library contained the following spells:

 Spells                   Type           Power      Damage    Failure   Level
 Inner Flame              Hex/Fire       18%        N/A       9%          3
 Kindle Blastsparks       Fire/Tloc/Air  28%        2d12      13%         3


Dungeon Overview and Level Annotations

Branches:
Dungeon (6/15)             Temple (1/1) D:5

Altars:
Ashenzari
Cheibriados
Elyvilon
Fedhas
Gozag
Kikubaaqudgha
Makhleb
Nemelex Xobeh
Okawaru
Qazlal
Ru
Sif Muna
Uskayaw
Vehumet
Wu Jian
Xom
Yredelemnul
Zin
The Shining One


Innate Abilities, Weirdness & Mutations

You are immune to sickness and miasma.
Your stone body is resilient. (AC +6)
You are immune to poison.
You resist negative energy. (rN+)
You are resistant to electric shocks. (rElec)
You are resistant to unholy torment.
You are immune to petrification.


Message History

A wave of flame ripples out!
The flame wave engulfs the yak!
You kill the yak!
Sif Muna accepts your kill.
The flame wave engulfs the yak.
The yak is moderately wounded.
You finish channelling waves of flame.
You have reached level 9!
Your experience leads to an increase in your attributes!
Increase (S)trength, (I)ntelligence, or (D)exterity?
You feel clever. x2
The yak attacks as you move away! The yak gores you but does no damage.
Casting: Flame Wave (quite dangerous; 8% risk of failure)
Confirm with . or Enter, or press ? or * to list all spells.
You conjure some foxfire!
The yak gores you.
* * * LOW HITPOINT WARNING * * *
Casting: Foxfire (safe; 1% risk of failure)
Confirm with . or Enter, or press ? or * to list all spells.
Flames lash the yak.
The yak is heavily wounded.
The yak's fire resistance burns away.
The foxfire hits the yak but does no damage.
The yak is heavily wounded.
The foxfire hits the yak but does no damage.
The yak is heavily wounded.
The yak gores you.
* * * LOW HITPOINT WARNING * * *
Unknown command.
Casting: Scorch (safe; 1% risk of failure)
Confirm with . or Enter, or press ? or * to list all spells.
You conjure some foxfire!
The yak closely misses you.
Casting: Foxfire (safe; 1% risk of failure)
Confirm with . or Enter, or press ? or * to list all spells.
Flames lash the yak.
The yak is burned terribly!
The yak is severely wounded.
The foxfire hits the yak but does no damage.
The yak is severely wounded.
The foxfire hits the yak.
The yak is severely wounded.
The yak gores you!
You die...

°..## ##.####...# ...##
#...##...# #####
###......######### ...⌠#
#..#...........# #####
###.##....###...## ○○○##
###...#####.# #.⌠.# °○○##
##...### ##..###...########
°○○####..#######.§...............
○§.##..........Y@#..⌠..>..⌠.#....
...##......#######...............
#####......# #####...###.....
#####.....########## #.⌠.# #.....
..........#........###...###....)
#..............(.................
#..................>.............
#................................
..............###...............#


You could see a yak (combustible).

Vanquished Creatures
  A wyvern (D:4)
  4 yaks
  A sky beast (D:5)
  An ogre (D:5)
  2 centaurs (D:5)
  A necrophage (D:5)
  2 scorpions
  2 hounds (D:4)
  Jessica (D:2)
  An orc wizard (D:4)
  3 gnolls (D:2)
  14 adders
  A white imp (D:6)
  2 worms (D:2)
  3 dart slugs
  6 orcs
  6 bats
  8 endoplasms
  6 giant cockroaches
  5 goblins
  8 hobgoblins
  8 jackals
  4 quokkas
  4 ball pythons
  5 frilled lizards
  5 kobolds
  2 rats
106 creatures vanquished.

Vanquished Creatures (others)
  2 scorpions (D:5)
  A hound (D:5)
  2 adders (D:5)
  A butterfly (D:4)
  398 foxfires
404 creatures vanquished.

Grand Total: 510 creatures vanquished

Notes
Turn   | Place    | Note
-------+----------+-------------------------------------------
     0 | D:1      | funkygono the Gargoyle Fire Elementalist began the quest
                  | for the Orb.
     0 | D:1      | Reached XP level 1. HP: 10/10 MP: 3/3
   289 | D:1      | Reached XP level 2. HP: 15/15 MP: 1/5
   292 | D:1      | Learned a level 2 spell: Scorch
   752 | D:1      | Reached XP level 3. HP: 19/19 MP: 2/6
  1620 | D:2      | Noticed Jessica
  1624 | D:2      | Killed Jessica
  1625 | D:2      | Reached XP level 4. HP: 24/24 MP: 2/8
  2078 | D:2      | Reached XP level 5. HP: 28/28 MP: 6/9
  2083 | D:2      | Learned a level 4 spell: Flame Wave
  2684 | D:3      | Identified the +0 ring mail of the Heavens {Str+2}
  2988 | D:3      | Found an ornate altar of the Wu Jian Council.
  3576 | D:4      | Found a glowing golden altar of the Shining One.
  3663 | D:4      | Reached XP level 6. HP: 32/32 MP: 1/11
  3760 | D:4      | Reached skill level 1 in Maces & Flails
  3979 | D:4      | Found a stormy altar of Qazlal.
  4005 | D:4      | Found a basalt altar of Yredelemnul.
  4024 | D:4      | Found a burning altar of Makhleb.
  4025 | D:4      | Found an ancient bone altar of Kikubaaqudgha.
  4103 | D:4      | Found a broken altar of Ashenzari.
  4488 | D:4      | Noticed a wyvern
  4495 | D:4      | Killed a wyvern
  4496 | D:4      | Reached XP level 7. HP: 13/37 MP: 4/13
  4595 | D:4      | Found a white marble altar of Elyvilon.
  4777 | D:5      | Entered Level 5 of the Dungeon
  5040 | D:5      | Reached skill level 5 in Spellcasting
  5040 | D:5      | Reached skill level 5 in Fire Magic
  5045 | D:5      | Reached skill level 5 in Conjurations
  5045 | D:5      | Reached XP level 8. HP: 40/42 MP: 3/15
  5202 | D:5      | Found a shimmering altar of Xom.
  5227 | D:5      | Found a staircase to the Ecumenical Temple.
  5290 | D:5      | Found a sparkling altar of Nemelex Xobeh.
  5322 | Temple   | Entered the Ecumenical Temple
  5441 | Temple   | Became a worshipper of Sif Muna the Loreminder
  5843 | D:6      | Noticed a yak
  5843 | D:6      | Noticed a yak
  5843 | D:6      | Noticed a yak
  5844 | D:6      | Noticed a yak
  5844 | D:6      | Noticed a yak
  5864 | D:6      | Noticed a yak
  5866 | D:6      | Killed a yak
  5866 | D:6      | Killed a yak
  5879 | D:6      | HP: 1/42 [yak (4)]
  5884 | D:5      | Killed a yak
  5989 | D:5      | Killed a yak
  5990 | D:5      | Reached XP level 9. HP: 7/46 MP: 6/18
  5995 | D:5      | HP: 2/46 [yak (5)]
  5997 | D:5      | Mangled by a yak

Illustrated notes

Levels and vault maps discovered:
D:1:      dpeg_arrival_water_fire, layout_basic, chequers_serial_rivers_room_b,
          minmay_surrounded
D:2:      layout_basic, uniq_jessica
D:3:      layout_basic, overflow_temple_1_default, grunt_decor_one_mirror,
          grunt_ministairs_14
D:4:      layout_loops_ring, nicolae_elyvilon_peaceful_grove,
          grunt_temple_overflow_open
D:5:      layout_rooms, xom_confusion_cloud, nemelex_altar_shiori,
          minmay_temple_entry_junction, nicolae_fountain_basement
D:6:      layout_layer_cave, riverfiend_overflow_shadow_ancestor
Temple:   kb_temple_of_zot

Skill      XL: |  1  2  3  4  5  6  7  8 |
---------------+-------------------------+-----
Dodging        | 2 |  2.4
Conjurations   | 2 3 4 5 6 |  6.2
Spellcasting   | 3 4 5 6 |  6.4
Fire Magic     | 4 5 6 |  6.7
Maces & Flails | 1 |  1.2
Fighting       | |  0.6
Stealth        | |  2.1

Action                     |  1- 3 |  4- 6 |  7- 9 || total
---------------------------+-------+-------+-------++-------
  Melee: Unarmed           |     2 |       |       ||     2
         Mace              |     8 |     7 |       ||    15
         Club              |     1 |       |       ||     1
         Whip              |       |     1 |     3 ||     4
   Cast: Foxfire           |    57 |   122 |    48 ||   227
         Scorch            |     1 |    10 |     7 ||    18
         Flame Wave        |       |       |     4 ||     4
    Use: Scroll            |       |       |    17 ||    17
         Potion            |       |       |     1 ||     1
 Armour: Robe              |    10 |     9 |    14 ||    33
  Dodge: Dodged            |    19 |    21 |    14 ||    54

Table legend: (Time is in decaauts)
 A = Elapsed time spent in this place.
 B = Non-inter-level travel time spent in this place.
 C = Inter-level travel time spent in this place.
 D = Time resting spent in this place.
 E = Time spent auto-exploring this place.
 F = Levels seen in this place.
 G = Mean time per level.
                   A        B        C        D        E       F      G
               +--------+--------+--------+--------+--------+-----+--------+
         Total |   6008 |   5807 |    201 |    239 |   4729 |   7 |  858.3 |
       Dungeon |   5860 |   5688 |    172 |    239 |   4646 |   6 |  976.7 |
        Temple |    147 |    119 |     28 |      0 |     83 |   1 |  147.0 |
               +--------+--------+--------+--------+--------+-----+--------+

Top non-repeatable levels by time:
     D:4: 1298 daAuts
     D:2: 1292 daAuts
     D:1: 1114 daAuts
     D:3: 1081 daAuts
     D:5: 814 daAuts
     D:6: 259 daAuts
  Temple: 147 daAuts
